 Dungeon Crawl Stone Soup version 0.21-a0-434-g806c6c2 (webtiles) character file.

33832 unsaintlyangel the Cleaver (level 13, -3/105 HPs)
             Began as a Minotaur Fighter on Nov 8, 2017.
             Was a High Priest of Okawaru.
             Slain by a death yak (19 damage)
             ... on level 5 of the Lair of Beasts on Nov 9, 2017.
             The game lasted 01:38:22 (18114 turns).

unsaintlyangel the Cleaver (Minotaur Fighter)      Turns: 18114, Time: 01:38:23

Health: -3/105     AC: 23    Str: 26    XL:     13   Next: 38%
Magic:  12/12      EV:  8    Int:  5    God:    Okawaru [*****.]
Gold:   975        SH:  6    Dex: 12    Spells: 12/12 levels left

rFire    + . .     SeeInvis +   s - +2 flail (elec)
rCold    . . .     Gourm    .   Q - +0 buckler of Grace {rElec Dex+2 SInv}
rNeg     . . .     Faith    .   G - +2 plate armour {rF+}
rPois    .         Spirit   .   (helmet restricted)
rElec    +         Reflect  .   e - +0 cloak
rCorr    +         Harm     .   t - +0 pair of gloves
MR       +....                  R - +0 pair of boots
Stlth    ..........             b - amulet of regeneration
HPRegen  0.67/turn              F - ring of protection from magic
MPRegen  0.13/turn              f - ring of resist corrosion

@: about to teleport
A: retaliatory headbutt, horns 2
a: Heroism, Finesse, Renounce Religion


You were on level 5 of the Lair of Beasts.
You worshipped Okawaru.
Okawaru was extremely pleased with you.
You were not hungry.

You visited 3 branches of the dungeon, and saw 16 of its levels.
You also visited: Labyrinth.

You collected 975 gold pieces.

Inventory:

Hand Weapons
 s - a +2 flail of electrocution (weapon)
 I - a +4 falchion
 J - a +3 hand axe
Armour
 e - a +0 cloak (worn)
 t - a +0 pair of gloves (worn)
 G - a +2 plate armour of fire resistance (worn)
 Q - the +0 buckler of Grace (worn) {rElec Dex+2 SInv}
   (Okawaru gifted it to you on level 3 of the Lair of Beasts)

   It affects your dexterity (+2).
   It insulates you from electricity.
   It lets you see invisible.
 R - a +0 pair of boots (worn)
Jewellery
 a - an uncursed ring of magical power
 b - an amulet of regeneration (around neck)
 c - an uncursed amulet of guardian spirit
 f - a ring of resist corrosion (right hand)
 r - an uncursed amulet of faith
 B - an uncursed ring of fire
 F - a ring of protection from magic (left hand)
Wands
 g - a wand of lightning (8/15)
 l - a wand of digging (7/24)
 p - a wand of lightning (7/15)
 y - a wand of iceblast (5/15)
 C - a wand of iceblast (3/15)
 E - a wand of acid (7/15)
 H - a wand of polymorph (6/24)
 L - a wand of iceblast (5/15)
 M - a wand of flame (30/48)
 T - a wand of lightning (6/15)
Scrolls
 h - 4 scrolls of recharging
 i - 5 scrolls of identify
 j - 2 scrolls of teleportation
 m - 11 scrolls of remove curse
 x - 3 scrolls of magic mapping
 K - 3 scrolls of brand weapon
 O - a scroll of enchant armour {unknown}
 P - a scroll of fear
Potions
 d - a potion of might
 k - a potion of mutation
 u - 3 potions of flight
 v - 3 potions of agility
 w - 3 potions of haste
 A - 4 potions of lignification
 D - 2 potions of curing
 N - 2 potions of brilliance {unknown}
Comestibles
 n - 5 meat rations
 o - 9 royal jellies
 q - 22 fruits
 z - 3 bread rations
 S - 6 chunks of flesh


   Skills:
 * Level 7.3 Fighting
 - Level 14.7(16.5) Axes
 - Level 13.1(15.7) Maces & Flails
 + Level 14.7 Armour
 - Level 1.5 Stealth
 + Level 9.9 Shields
 - Level 0.1 Unarmed Combat
 + Level 1.2 Invocations


You had 12 spell levels left.
You didn't know any spells.

Dungeon Overview and Level Annotations

Branches:
Dungeon (9/15)             Temple (1/1) D:4            Lair (6/6) D:9
 Spider (0/4) Lair:3        Slime (0/5) Lair:5
  Swamp: Lair:2-4    Shoals: Lair:2-4       Orc: D:9-12

Altars:
Ashenzari
Cheibriados
Dithmenos
Elyvilon
Fedhas
Gozag
Hepliaklqana
Kikubaaqudgha
Makhleb
Nemelex Xobeh
Okawaru
Qazlal
Ru
Sif Muna
Trog
Uskayaw
Vehumet
Wu Jian
Xom
Yredelemnul
Zin
The Shining One
Jiyva


Innate Abilities, Weirdness & Mutations

You reflexively headbutt those who attack you in melee.
You have a pair of horns on your head.


Message History

You hit the death yak but do no damage.
The death yak is moderately wounded.
The death yak barely misses you. You furiously retaliate!
You headbutt the death yak. You hit the death yak.
The death yak is moderately wounded.
The death yak gores you but does no damage.
The death yak gores you!
* * * LOW HITPOINT WARNING * * *
You hit the death yak.
You headbutt the death yak, but do no damage.
The death yak is moderately wounded.
The death yak gores you.
* * * LOW HITPOINT WARNING * * *
The death yak barely misses you.
The death yak gores you but does no damage.
As you read the scroll of teleportation, it crumbles to dust.
You feel strangely unstable. You block the death yak's attack.
The death yak gores you!!
You die...

#...##..##..##.....####.......P#.
#..P##..##.##........###.....###.
#........###..##.##..###......###
........####.......#.##.......P.<
........###...........#..........
P..P#P..##...#.....#.....###.#...
....##..#...#..8.8.#...##.8.##P..
...P.#..#...#..Y....#..#.........
#........'.....Y@...#..+..>.8....
P...........#....Y..#........#...
P........#..##.8.8.##...#.8.#....
#.........#..#.........##..##..[.
#.........#......................
#....####..#..#...#.[#.......#.#.
#.#.#####.##..####...#.......##..
#..####..####........#...........
#..P#.....####.....##.......PP...


You could see 3 death yaks.

Vanquished Creatures
  A minotaur (Lab)
  6 hydras
  3 death yaks (Lair:5)
  2 two-headed ogres (D:9)
  A lindwurm (Lair:5)
  The ghost of Beatriz the Charmwright, a novice GnSk (D:5)
  A black mamba (Lair:2)
  12 spiny frogs
  3 rime drakes
  5 komodo dragons
  The ghost of grandjackal the Skirmisher, an amateur DsFi (D:3)
  14 blink frogs
  7 dream sheep
  Grinder (D:4)
  6 hippogriffs
  2 redbacks (Lair:3)
  34 yaks
  5 wyverns
  3 basilisks
  Grum (D:8)
  An acid dragon (D:9)
  9 water moccasins
  5 porcupines
  2 black bears (D:8)
  2 orc warriors (D:6)
  3 phantoms
  4 sky beasts
  4 ice beasts
  4 ogres
  6 wolves
  2 necrophages
  2 centaurs
  7 crocodiles
  8 big kobolds
  8 bullfrogs
  4 scorpions
  3 killer bees (D:7)
  8 wights (D:8)
  A howler monkey (D:5)
  2 crimson imps
  4 hounds
  4 jellies
  A quasit (D:8)
  5 orc priests
  6 orc wizards
  2 bullfrog skeletons
  A centaur skeleton (D:9)
  2 iguanas
  9 worker ants
  A howler monkey zombie (D:6)
  6 adders
  4 gnolls
  A shadow imp (D:5)
  2 oozes
  2 adder zombies
  4 adder skeletons
  3 worms
  2 dart slugs
  2 leopard geckos (D:1)
  21 orcs
  3 ball pythons
  5 bats
  5 giant cockroaches
  2 goblins (D:2)
  8 hobgoblins
  21 jackals
  47 kobolds
  2 quokkas
  2 frilled lizards
  A jackal zombie (D:5)
  2 leopard gecko skeletons
  A quokka zombie (D:7)
  7 rats
382 creatures vanquished.

Vanquished Creatures (others)
  10 fungi
  10 plants
20 creatures vanquished.

Grand Total: 402 creatures vanquished

Notes
Turn   | Place    | Note
-------+----------+-------------------------------------------
     0 | D:1      | unsaintlyangel the Minotaur Fighter began the quest for the Orb.
     0 | D:1      | Reached XP level 1. HP: 19/19 MP: 0/0
   107 | D:1      | Reached XP level 2. HP: 20/27 MP: 1/1
   391 | D:1      | Reached XP level 3. HP: 31/33 MP: 2/2
  1250 | D:2      | Reached XP level 4. HP: 37/40 MP: 3/3
  1587 | D:3      | Noticed grandjackal's ghost (amateur DsFi)
  1832 | D:3      | Killed grandjackal's ghost
  1832 | D:3      | Reached skill level 5 in Armour
  1832 | D:3      | Reached XP level 5. HP: 13/46 MP: 4/4
  1832 | D:3      | Reached XP level 6. HP: 15/52 MP: 5/5
  2268 | D:3      | Reached XP level 7. HP: 55/59 MP: 6/6
  3633 | D:4      | Found a staircase to the Ecumenical Temple.
  3783 | D:4      | Reached skill level 10 in Axes
  3818 | D:4      | Reached XP level 8. HP: 63/66 MP: 7/7
  4047 | D:4      | Found a sparkling altar of Nemelex Xobeh.
  4106 | D:4      | Noticed Grinder
  4138 | D:4      | Paralysed by Grinder for 3 turns
  4143 | D:4      | Killed Grinder
  4664 | Temple   | Entered the Ecumenical Temple
  4742 | Temple   | Became a worshipper of Warmaster Okawaru
  4866 | D:5      | Entered Level 5 of the Dungeon
  5192 | D:5      | Found an ornate altar of the Wu Jian Council.
  5205 | D:5      | Found an ancient bone altar of Kikubaaqudgha.
  5216 | D:5      | Found a glowing silver altar of Zin.
  5290 | D:5      | Found a hide-covered altar of Uskayaw.
  5441 | D:5      | Noticed Beatriz's ghost (novice GnSk)
  6309 | D:6      | Reached * piety under Okawaru
  6533 | D:6      | Reached XP level 9. HP: 38/71 MP: 8/8
  7349 | D:4      | Reached ** piety under Okawaru
  7390 | D:5      | Killed Beatriz's ghost
  8037 | D:7      | Found a shattered altar of Ashenzari.
  8080 | D:7      | Reached *** piety under Okawaru
  8108 | D:7      | Found a shadowy altar of Dithmenos.
  8958 | D:8      | Reached XP level 10. HP: 65/78 MP: 9/9
  9039 | D:8      | Noticed Grum
  9053 | D:8      | Killed Grum
  9053 | D:8      | Reached skill level 1 in Stealth
  9061 | D:8      | Reached skill level 10 in Armour
  9087 | D:8      | Identified a scroll of acquirement
  9107 | D:8      | Reached **** piety under Okawaru
  9107 | D:8      | Reached skill level 1 in Maces & Flails
  9132 | D:8      | Found a shadowy altar of Dithmenos.
  9333 | D:8      | Noticed a two-headed hydra
  9342 | D:8      | Killed a two-headed hydra
  9342 | D:8      | Reached ***** piety under Okawaru
  9342 | D:8      | Reached skill level 5 in Maces & Flails
  9917 | D:9      | Noticed a two-headed ogre
  9931 | D:9      | Killed a two-headed ogre
  9931 | D:9      | Reached XP level 11. HP: 18/84 MP: 10/10
 10403 | D:9      | Noticed a two-headed ogre
 10414 | D:9      | Killed a two-headed ogre
 10481 | D:9      | Found a shattered altar of Ashenzari.
 11000 | D:9      | Received a gift from Okawaru
 11000 | D:9      | Reached skill level 5 in Shields
 11001 | D:9      | Got a creamy pearl robe {god gift}
 11284 | D:9      | Identified the +0 robe of the Armadillo {Int+4} (Okawaru gifted it to you on level 9 of the Dungeon)
 11423 | D:9      | Found a staircase to the Lair.
 11855 | Lair:1   | Entered Level 1 of the Lair of Beasts
 11888 | Lair:1   | Found a labyrinth entrance.
 11888 | Lair:1   | Noticed an eight-headed hydra
 11895 | Lair:1   | Killed an eight-headed hydra
 11899 | Lab      | Entered a labyrinth
 12555 | Lab      | Noticed a minotaur
 12561 | Lab      | Killed a minotaur
 12638 | Lair:1   | Reached skill level 1 in Invocations
 12950 | Lair:2   | Noticed a four-headed hydra
 13216 | Lair:2   | Killed a four-headed hydra
 13413 | Lair:2   | Reached skill level 10 in Maces & Flails
 13690 | Lair:2   | Reached ****** piety under Okawaru
 13935 | Lair:3   | Reached XP level 12. HP: 70/91 MP: 11/11
 14101 | Lair:3   | Noticed a seven-headed hydra
 14111 | Lair:3   | Killed a seven-headed hydra
 14111 | Lair:3   | Received a gift from Okawaru
 14112 | Lair:3   | Got a smoking buckler {god gift}
 14123 | Lair:3   | Identified the +0 buckler of Grace {rElec Dex+2 SInv} (Okawaru gifted it to you on level 3 of the Lair of Beasts)
 14654 | Lair:3   | Found a hole to the Spider Nest.
 14835 | Lair:3   | Found a stormy altar of Qazlal.
 15514 | Lair:4   | Found a hide-covered altar of Uskayaw.
 15849 | Lair:4   | Noticed a six-headed hydra
 15857 | Lair:4   | Killed a six-headed hydra
 16461 | Lair:5   | Found a runed door.
 16461 | Lair:5   | Found a viscous altar of Jiyva.
 16464 | Lair:5   | Found a staircase to the Slime Pits.
 16530 | Lair:5   | Noticed an eight-headed hydra
 16733 | Lair:5   | Reached skill level 5 in Fighting
 16836 | Lair:5   | Reached XP level 13. HP: 66/100 MP: 12/12
 17081 | Lair:6   | Entered Level 6 of the Lair of Beasts
 18114 | Lair:5   | Slain by a death yak

Vault maps used:
D:1:      dpeg_arrival_fog
D:3:      minmay_goblin_kobold_castle, first_bread, kennysheep_doodads
D:4:      nicolae_overflow_crystal_walls, temple_pool_b, uniq_grinder
D:5:      nicolae_overflow_quartered_altars
D:6:      minivault_10
D:7:      ashenzari_conservatory_becter, basic_altar
D:8:      hangedman_ranch, grunt_dithmenos_shadows, uniq_grum
D:9:      erik_lair_dragon, evilmike_ruin_ashenzari
Temple:   eino_temple_rhombus
Lair:1:   lab_entry_generic, uniq_gastronok
Lair:2:   minmay_swamp_entry_eels, grunt_megastairs_4, lemuel_fruit_fields
Lair:3:   spider_nest_entry_webs, basic_altar
Lair:4:   basic_altar, infiniplex_staircase_pool, serial_bayou_shore_a
Lair:5:   slime_altar_2, grunt_megastairs_2
Lair:6:   evil_forest
Lab:      labyrinth_watery

Skill      XL: |  1  2  3  4  5  6  7  8  9 10 11 12 13 |
---------------+----------------------------------------+-----
Fighting       | 4 5 7 |  7.3
Axes           | 3 4 6 7 10 11 13 14 | 14.7
Armour         | 4 5 7 9 11 12 13 14 | 14.7
Stealth        | 1 |  1.5
Maces & Flails | 6 10 13 | 13.1
Shields        | 4 7 9 |  9.9
Invocations    | 1 |  1.2
Unarmed Combat | |  0.1

Action                   |  1- 3 |  4- 6 |  7- 9 | 10-12 | 13-15 || total
-------------------------+-------+-------+-------+-------+-------++-------
Melee: War axe           |    89 |    94 |   454 |     2 |       ||   639
       Headbutt          |    11 |    15 |    93 |   175 |    45 ||   339
       Flail             |       |       |       |   730 |   155 ||   885
       Hand axe          |       |       |       |    33 |       ||    33
       Unarmed           |       |       |       |     2 |       ||     2
Invok: Heroism           |       |       |       |     4 |     1 ||     5
       Finesse           |       |       |       |     1 |       ||     1
  Use: Scroll            |       |     4 |    15 |    15 |     3 ||    37
       Potion            |       |       |     2 |     4 |     1 ||     7
  Eat: Chunk             |     1 |     3 |     7 |    16 |     2 ||    29
       Bread ration      |       |       |     3 |     1 |       ||     4
       Fruit             |       |       |     2 |     3 |     3 ||     8
       Royal jelly       |       |       |       |     1 |       ||     1
Armor: Scale mail        |    17 |       |       |       |       ||    17
       Plate armour      |    44 |    52 |   283 |   396 |   107 ||   882
Dodge: Dodged            |    25 |    27 |    70 |   181 |    61 ||   364
Block: Shield            |    39 |    54 |   201 |   244 |       ||   538
       Buckler           |       |       |       |    59 |    55 ||   114

Table legend:
 A = Spawn XP
 B = Non-spawn XP
 C = Spawn XP percentage of total XP
 D = Spawn monster count
 E = Non-spawn monster count
 F = Spawn count percentage of total count
 G = Total turns spent on level
                    A         B        C        D         E        F      G
               +---------+---------+-------+---------+---------+-------+---------
         Total |       0 |   48332 |   0.0 |       0 |     382 |   0.0 | 18114
               +---------+---------+-------+---------+---------+-------+---------
           D:1 |       0 |      59 |   0.0 |       0 |      23 |   0.0 |   816
           D:2 |       0 |      53 |   0.0 |       0 |      20 |   0.0 |   984
           D:3 |       0 |     959 |   0.0 |       0 |      66 |   0.0 |  1604
           D:4 |       0 |     814 |   0.0 |       0 |      22 |   0.0 |  1651
           D:5 |       0 |    1089 |   0.0 |       0 |      20 |   0.0 |   853
           D:6 |       0 |    1413 |   0.0 |       0 |      25 |   0.0 |  1645
           D:7 |       0 |     979 |   0.0 |       0 |      21 |   0.0 |  1206
           D:8 |       0 |    4479 |   0.0 |       0 |      36 |   0.0 |   929
           D:9 |       0 |    4983 |   0.0 |       0 |      35 |   0.0 |  1995
        Lair:1 |       0 |    1795 |   0.0 |       0 |       3 |   0.0 |   285
        Lair:2 |       0 |    5613 |   0.0 |       0 |      20 |   0.0 |  1492
        Lair:3 |       0 |    7285 |   0.0 |       0 |      27 |   0.0 |   972
        Lair:4 |       0 |    4455 |   0.0 |       0 |      18 |   0.0 |  1180
        Lair:5 |       0 |   11285 |   0.0 |       0 |      36 |   0.0 |  1410
        Lair:6 |       0 |    2006 |   0.0 |       0 |       9 |   0.0 |   205
           Lab |       0 |    1065 |   0.0 |       0 |       1 |   0.0 |   715
               +---------+---------+-------+---------+---------+-------+---------
